 Dungeon Crawl Stone Soup version 0.28.0-53-g5a82cb258f (webtiles) character file.

Game seed: 16036662849254720469

13 styxcanada the Sneak (level 2, -1/15 HPs)
             Began as a Spriggan Brigand on June 12, 2022.
             Killed from afar by a dart slug (2 damage)
             ... with a slug dart
             ... on level 1 of the Dungeon.
             The game lasted 00:01:58 (352 turns).

styxcanada the Sneak (Spriggan Brigand)              Turns: 352, Time: 00:01:59

Health: -1/15      AC:  3    Str:  7    XL:     2   Next: 24%
Magic:  3/3        EV: 17    Int: 12    God:
Gold:   10         SH:  0    Dex: 16    Spells: 1/1 levels left

rFire   . . .      SeeInvis +   a - +2 dagger
rCold   . . .      Faith    .   (no shield)
rNeg    . . .      Spirit   .   b - +0 robe
rPois   .          Reflect  .   (helmet restricted)
rElec   .          Harm     .   c - +0 cloak
rCorr   .          Rampage  .   (gloves unavailable)
Will    .....                   (boots unavailable)
Stlth   +++.......              (no amulet)
HPRegen 0.05/turn               (no ring)
MPRegen 0.08/turn               (no ring)

@: very quick
A: very small, no large weapons, unfitting armour, see invisible, speed 3
a: no special abilities


You were on level 1 of the Dungeon.
You visited 1 branch of the dungeon, and saw 1 of its levels.

You collected 10 gold pieces.

Inventory:

Hand Weapons
 a - a +2 dagger (weapon)
Missiles
 d - 7 poisoned darts (quivered)
 e - 2 curare-tipped darts
 f - 12 sling bullets
 g - 12 stones
Armour
 b - a +0 robe (worn)
 c - a +0 cloak (worn)


   Skills:
 * Level 1.6 Fighting
 + Level 2.2 Short Blades
 + Level 2.2 Throwing
 * Level 2.0 Dodging
 * Level 6.1 Stealth


You had one spell level left.
You didn't know any spells.
Your spell library was empty.

Dungeon Overview and Level Annotations

Branches:
Dungeon (1/15)

Altars:


Innate Abilities, Weirdness & Mutations

You are very small and have problems with some larger weapons.
You are too small for most types of armour.
You have supernaturally acute eyesight. (SInv)
You cover ground extremely quickly. (Speed+++)


Message History

You hit the kobold.
The kobold is heavily wounded.
The kobold hits you but does no damage.
You barely miss the kobold.
The kobold is heavily wounded.
The kobold misses you.
The dart slug bites you but does no damage.
You closely miss the kobold.
The kobold is heavily wounded.
The kobold hits you with a +0 short sword.
* * * LOW HITPOINT WARNING * * *
You closely miss the kobold.
The kobold is heavily wounded.
The dart slug barely misses you.
The kobold hits you with a +0 short sword.
* * * LOW HITPOINT WARNING * * *
Throw: 8 darts (poison)
Press: ? - help, Q - select action, (/) - cycle Shift-Dir - straight line, f - kobold
Aim: a kobold, wielding a +0 short sword (heavily wounded, 53% to hit)
You throw a poisoned dart.
The poisoned dart closely misses the kobold.
Unknown command.
You closely miss the kobold.
The kobold is heavily wounded.
The kobold misses you.
You closely miss the kobold.
The kobold is heavily wounded.
The kobold hits you with a +0 short sword.
* * * LOW HITPOINT WARNING * * *
You hit the kobold.
The kobold is severely wounded.
The kobold barely misses you.
Unknown command.
You closely miss the kobold.
The kobold is severely wounded.
You hit the kobold.
You kill the kobold!
The dart slug launches a dart at you. The slug dart hits you.
You die...

##.## #.# #.####.#..
##...## #.# #.####.#..
##.....#####.# #...##.#..
#.......†..#.#######.##.#.#
#......###...........##.#..
#.#...## ###.######..##.###
#.##.#.#####.# #..##.#
#.#........#.# #..#
#..#.#.###@#.# #..#
#.###..###)#w######..# #.#
##...(w(.........# #.#
##.##.#.......#.# ##
#.###......... #.#
######.... #.. .## #.# # #.


You could see a dart slug.

Vanquished Creatures
  5 bats (D:1)
  3 endoplasms (D:1)
  A kobold (D:1)
  2 quokkas (D:1)
  2 ball pythons (D:1)
13 creatures vanquished.

Notes
Turn   | Place    | Note
-------+----------+-------------------------------------------
     0 | D:1      | styxcanada the Spriggan Brigand began the quest for the
                  | Orb.
     0 | D:1      | Reached XP level 1. HP: 10/10 MP: 2/2
    31 | D:1      | Reached skill level 6 in Stealth
   110 | D:1      | Reached XP level 2. HP: 14/14 MP: 3/3
   352 | D:1      | Killed from afar by a dart slug

Illustrated notes

Levels and vault maps discovered:
D:1:      erik_arrival_triangle_small, layout_loops_ring, nrook_campfire,
          st_stairs_9, kennysheep_another_room

Skill      XL: |  1 |
---------------+----+-----
Stealth        | 6 |  6.1
Dodging        | 2 |  2.0
Fighting       | |  1.6
Short Blades   | |  2.2
Throwing       | |  2.2

Action                   || total
-------------------------++-------
Melee: Dagger            ||    49
       Punch             ||     1
Throw: Dart              ||     2
 Stab: Sleeping          ||     6
Armor: Robe              ||     8
Dodge: Dodged            ||    35
